 Dungeon Crawl Stone Soup version 0.18-a0-1805-g8ab820f (webtiles) character file.

1192 varam the Cudgeler (level 8, -4/51 HPs)
             Began as a Gargoyle Fighter on Apr 26, 2016.
             Slain by an ogre
             ... wielding a cursed -1 giant club
              (26 damage)
             ... on level 6 of the Dungeon.
             The game lasted 00:19:20 (5797 turns).

varam the Cudgeler (Gargoyle Fighter)               Turns: 5797, Time: 00:19:20

Health: -4/51      AC:  7    Str: 22    XL:     8   Next: 43%
Magic:  8/8        EV:  9    Int:  9    God:
Gold:   279        SH: 10    Dex:  9    Spells: 0 memorised, 7 levels left

rFire  . . .     SeeInvis .     o - +2 whip (venom)
rCold  . . .     Gourm    .     (no armour)
rNeg   + . .     Faith    .     c - +0 shield
rPois  ∞         Spirit   .     (no helmet)
rElec  +         Dismiss  .     y - +0 cloak
rCorr  .         Reflect  .     (no gloves)
SustAt .         Harm     .     j - +0 pair of boots
MR     .....                    (no amulet)
Stlth  +.........               (no ring)
                                (no ring)

@: not resistant to hostile enchantments, very unstealthy
A: negative energy resistance 1, electricity resistance, unbreathing,
petrification resistance, rot immunity, AC +5
a: no special abilities


You were on level 6 of the Dungeon.
You were not hungry.

You visited 1 branch of the dungeon, and saw 6 of its levels.

You collected 279 gold pieces.

Inventory:

Hand Weapons
 i - a +2 antimagic spear
 o - a +2 whip of venom (weapon)
Armour
 c - a +0 shield (worn)
 j - a +0 pair of boots (worn)
 y - a +0 cloak (worn)
Wands
 A - a wand of flame (8/48)
Scrolls
 b - a scroll of magic mapping {unknown}
 e - 3 scrolls of immolation {unknown}
 h - 2 scrolls of identify {unknown}
 m - a scroll of fog {unknown}
 p - a scroll of enchant armour {unknown}
 r - 2 scrolls of teleportation {unknown}
 s - a scroll of noise {unknown}
 v - a scroll of amnesia {unknown}
Potions
 a - a potion of ambrosia {unknown}
 d - 3 potions of might
 k - 2 potions of agility {unknown}
 l - a potion of berserk rage {unknown}
 n - a potion of invisibility {unknown}
 q - a potion of curing {unknown}
 t - 2 potions of heal wounds {unknown}
 u - a potion of cancellation {unknown}
Miscellaneous
 w - a plain deck of escape
Comestibles
 f - 3 bread rations
 g - 18 fruits
 x - a royal jelly
 z - 9 chunks of flesh


   Skills:
 - Level 6.2 Fighting
 - Level 7.2 Maces & Flails
 + Level 5.0 Armour
 + Level 5.0 Shields


You had 7 spell levels left.
You didn't know any spells.

Dungeon Overview and Level Annotations

Branches:
Dungeon (6/15)
 Temple: D:4-7

Altars:
Fedhas
Gozag
Nemelex Xobeh
Vehumet
Xom
Zin

Shops:
D:4 *

Annotations:
D:5 nubinia's ghost, novice DENe


Innate Abilities, Weirdness & Mutations

You are resistant to torment.
Your stone body is resilient (AC +5).
You are immune to poison.
You resist negative energy.
You are resistant to electric shocks.
You can survive without breathing.
You are immune to petrification.
You are immune to rotting.


Message History

Some of the chunks of flesh in your inventory have rotted away.
Your shield prevents you from hitting the phantom.
The phantom is almost destroyed.
The phantom blinks!
An ogre comes into view. It is wielding a giant club.
You whack the phantom!
You destroy the phantom!
Your Armour skill increases to level 5!
Your Shields skill increases to level 5!
You barely miss the ogre. The ogre hits you with a giant club!
You hit the ogre.
The ogre is poisoned.
The ogre is lightly wounded.
You hit the ogre.
The ogre looks even sicker.
The ogre is moderately wounded.
The ogre hits you but does no damage.
You whack the ogre!
The ogre is almost dead.
The ogre hits you with a giant club!!
Ouch! That really hurt!
You die...

gg.#............................#
####≈≈≈≈≈≈≈≈≈≈≈≈....≈≈≈≈≈≈≈≈≈≈≈≈#
≈≈≈≈≈≈≈≈≈≈≈≈≈≈≈≈....≈≈≈≈≈≈≈≈≈≈≈≈≈
≈≈≈≈≈≈≈≈≈≈≈≈≈≈≈≈....≈≈≈≈≈≈≈≈≈≈≈≈≈
.................................
####............>)........)......
#.######.####.#####.#########.
#.# #.# #O# #.##### #. #.#
#.####@#####.....# #. #.#
#.##.............# #. ...
#.####.#####.....# #. ...
#.##...# #.....# #. .. #.##...#
#.....# #. #...# #.....# #. #...#
#.....#####. #...# #...........
#...# #...........


You could see an ogre.

Vanquished Creatures
  Sigmund (D:2)
  An orc warrior (D:6)
  A sky beast (D:4)
  A phantom (D:6)
  An ogre (D:4)
  A centaur (D:6)
  A scorpion (D:5)
  A giant frog zombie (D:6)
  2 hounds
  2 orc priests
  Crazy Yiuf (D:4)
  2 iguanas
  3 orc wizards
  2 worker ants
  2 gnolls (D:6)
  5 adders
  An ooze (D:2)
  An adder skeleton (D:4)
  2 worms (D:2)
  2 dart slugs
  A giant gecko (D:4)
  15 orcs
  3 ball pythons
  5 giant cockroaches
  9 goblins
  10 hobgoblins
  23 jackals
  4 quokkas
  8 bats
  7 giant newts
  11 kobolds
  4 rats (D:3)
133 creatures vanquished.

Vanquished Creatures (others)
  A phantom (D:4)
  A hound skeleton (D:5)
2 creatures vanquished.

Grand Total: 135 creatures vanquished

Notes
Turn   | Place    | Note
--------------------------------------------------------------
     0 | D:1      | varam the Gargoyle Fighter began the quest for the Orb.
     0 | D:1      | Reached XP level 1. HP: 14/14 MP: 1/1
    25 | D:1      | Reached XP level 2. HP: 9/19 MP: 2/2
   487 | D:1      | Reached skill level 3 in Maces & Flails
   534 | D:1      | Reached XP level 3. HP: 21/23 MP: 1/3
   865 | D:2      | Noticed Sigmund
   888 | D:2      | Killed Sigmund
   888 | D:2      | Reached skill level 4 in Maces & Flails
   888 | D:2      | Reached XP level 4. HP: 21/30 MP: 4/4
   888 | D:2      | Reached XP level 5. HP: 24/34 MP: 5/5
  1161 | D:2      | Reached skill level 5 in Maces & Flails
  1475 | D:2      | Reached XP level 6. HP: 39/39 MP: 6/6
  1928 | D:3      | Reached skill level 5 in Fighting
  2038 | D:3      | Found a sparkling altar of Nemelex Xobeh.
  2397 | D:4      | Found Zin's Purification Station.
  2397 | D:4      | Noticed a phantom
  2938 | D:4      | Noticed Crazy Yiuf
  2949 | D:4      | Killed Crazy Yiuf
  3036 | D:4      | Found a radiant altar of Vehumet.
  3055 | D:4      | Reached skill level 6 in Maces & Flails
  3079 | D:4      | Reached XP level 7. HP: 27/44 MP: 7/7
  3458 | D:4      | Found a glowing silver altar of Zin.
  3887 | D:4      | Found a blossoming altar of Fedhas.
  4274 | D:5      | Entered Level 5 of the Dungeon
  4274 | D:5      | Noticed nubinia's ghost (novice DENe)
  4569 | D:5      | Reached skill level 7 in Maces & Flails
  4729 | D:6      | Found an opulent altar of Gozag.
  4735 | D:6      | Found a shimmering altar of Xom.
  4788 | D:6      | Reached XP level 8. HP: 7/51 MP: 8/8
  5363 | D:6      | Found a shimmering altar of Xom.
  5787 | D:6      | Reached skill level 5 in Armour
  5787 | D:6      | Reached skill level 5 in Shields
  5797 | D:6      | Slain by an ogre

Vault maps used:
D:1:      lightli_arrival_statuegarden, monster_avoids_cloud
D:2:      uniq_sigmund
D:3:      nemelex_deck, first_bread
D:4:      fiery_altar_vehumet, zin_purify, fedhas_altar_fruit_tree,
          lightli_sewer_entry_pipes, uniq_crazy_yiuf_cottage
D:5:      lemuel_temple_firewalk_marked, sword_in_stone
D:6:      lemuel_castle_with_subvaults, xom_butterflies, minitemple,
          basic_altar, lemuel_statue_altar

Skill      XL: |  1  2  3  4  5  6  7  8 |
---------------+-------------------------+-----
Maces & Flails | 3 4 5 6 7 |  7.2
Fighting       | 4 5 6 |  6.2
Armour         | 4 5 |  5.0
Shields        | 4 5 |  5.0

Action                   |  1- 3 |  4- 6 |  7- 9 || total
-------------------------+-------+-------+-------++-------
Melee: Flail             |    42 |       |       ||    42
       Spear             |    29 |       |       ||    29
       Whip              |    30 |   173 |   251 ||   454
  Eat: Chunk             |       |     6 |       ||     6
       Beef jerky        |       |     1 |       ||     1
       Meat ration       |       |       |     1 ||     1
       Bread ration      |       |       |     1 ||     1
Armor: Scale mail        |    58 |    33 |       ||    91
       Skin              |       |    17 |    55 ||    72
Dodge: Dodged            |    32 |    40 |    58 ||   130
Block: Shield            |    60 |    45 |    79 ||   184
